 Dungeon Crawl Stone Soup version 0.29.0-4-gdea44cf6ec (webtiles) character file.

Game seed: 11601595857327851216

29 SnakkuSnakku7 the Slasher (level 3, -1/21 HPs)
             Began as a Tengu Warper on Aug 27, 2022.
             Slain by a worm (7 damage)
             ... on level 2 of the Dungeon.
             The game lasted 00:01:26 (923 turns).

SnakkuSnakku7 the Slasher (Tengu Warper)             Turns: 923, Time: 00:01:26

Health: -1/21      AC:  5    Str: 11    XL:     3   Next: 16%
Magic:  7/7        EV: 10    Int: 13    God:
Gold:   59         SH:  0    Dex: 15    Spells: 6/6 levels left

rFire   . . .      SeeInvis .   a - +0 falchion
rCold   . . .      Faith    .   (no shield)
rNeg    . . .      Spirit   .   e - +0 ring mail
rPois   .          Reflect  .   (helmet restricted)
rElec   .          Harm     .   (no cloak)
rCorr   .          Rampage  .   (no gloves)
Will    .....                   (boots unavailable)
Stlth   +.........              (no amulet)
HPRegen 0.07/turn               (no ring)
MPRegen 0.10/turn               (no ring)

@: no status effects
A: beak, talons 3
a: no special abilities


You were on level 2 of the Dungeon.
You visited 1 branch of the dungeon, and saw 2 of its levels.

You collected 59 gold pieces.

Inventory:

Hand Weapons
 a - a +0 falchion (weapon)
Missiles
 d - 7 boomerangs of dispersal (quivered)
Armour
 b - a +0 leather armour
 e - a +0 ring mail (worn)
Scrolls
 c - a scroll of blinking
 g - a scroll of fear {unknown}
 i - a scroll of vulnerability {unknown}
 j - a scroll of identify {unknown}
Potions
 f - 2 potions of curing {unknown}
 h - a potion of heal wounds {unknown}
 k - a potion of haste {unknown}


   Skills:
 - Level 2.0 Fighting
 + Level 3.9 Long Blades
 - Level 1.0 Throwing
 - Level 1.1 Armour
 - Level 2.1 Dodging
 - Level 2.0 Spellcasting
 - Level 2.4 Translocations


You had 6 spell levels left.
You didn't know any spells.
Your spell library contained the following spells:

 Spells                   Type           Power      Damage    Failure   Level
 Blink                    Tloc           14%        N/A       34%         2
 Gell's Gravitas          Tloc           7%         N/A       56%         3
 Lesser Beckoning         Tloc           7%         N/A       56%         3
 Teleport Other           Tloc           7%         N/A       56%         3
 Manifold Assault         Tloc           7%         N/A       99%         5


Dungeon Overview and Level Annotations

Branches:
Dungeon (2/15)

Altars:

Shops:
D:1 :

Annotations:
D:2 Terence


Innate Abilities, Weirdness & Mutations

You have a beak for a mouth.
You have claws for feet.


Message History

The giant cockroach is lightly wounded.
The giant cockroach bites you. The goblin barely misses you.
You hit the giant cockroach.
The giant cockroach is heavily wounded.
The giant cockroach bites you but does no damage.
The goblin hits you but does no damage.
The giant cockroach bites you but does no damage.
You barely miss the giant cockroach.
You peck the giant cockroach, but do no damage.
The giant cockroach is moderately wounded.
The goblin hits you but does no damage. The giant cockroach barely misses you.
You closely miss the giant cockroach. Your kick misses the giant cockroach.
The giant cockroach is moderately wounded.
The giant cockroach closely misses you. The goblin hits you but does no damage.
You hit the giant cockroach.
The giant cockroach is almost dead.
The giant cockroach waves its antennae.
The giant cockroach bites you. The goblin barely misses you.
The giant cockroach bites you but does no damage.
You hit the giant cockroach.
You kill the giant cockroach!
The goblin closely misses you. The goblin hits you with a +0 club.
You slash the goblin!
You kill the goblin!
You barely miss the worm. You claw the worm.
The worm is lightly wounded.
The worm bites you.
You hit the worm but do no damage. You peck the worm.
The worm is moderately wounded.
You slash the worm! You claw the worm.
The worm is almost dead.
The worm bites you!
* * * LOW HITPOINT WARNING * * *
You are too injured to fight recklessly!
You are too injured to fight recklessly!
You are too injured to fight recklessly!
You hit the worm. Your peck misses the worm.
The worm is almost dead.
The worm bites you!
You die...

#...# #....
##.......###...# #....
#.........##...#####>...
#.........##......##..##
#$....?...##...##.......
#.........##.).#####..#.
#.........##...# #...#
##....†..###...# #.#.#
......w@......## #.#.#
.....###†.....# #.#.#
........).....#### #.# .
.....##..)[......###.##.
.. ###††....#......#
#....#.##..##...
#....#.##.## ##.
###..#..#.# . ##..#†<.#


You could see a worm.

Vanquished Creatures
  An endoplasm (D:1)
  2 giant cockroaches
  2 goblins
  3 jackals (D:1)
  4 kobolds
  2 quokkas
  4 ball pythons
  A bat (D:1)
  3 frilled lizards
  5 rats
27 creatures vanquished.

Notes
Turn   | Place    | Note
-------+----------+-------------------------------------------
     0 | D:1      | SnakkuSnakku7 the Tengu Warper began the quest for the Orb.
     0 | D:1      | Reached XP level 1. HP: 12/12 MP: 4/4
    60 | D:2      | Noticed Terence
   151 | D:1      | Reached skill level 3 in Long Blades
   151 | D:1      | Reached XP level 2. HP: 13/17 MP: 6/6
   311 | D:1      | Found Gett's Book Boutique.
   903 | D:2      | Reached XP level 3. HP: 18/21 MP: 7/7
   923 | D:2      | Slain by a worm

Illustrated notes

Levels and vault maps discovered:
D:1:      nzn_arrival_crosshair, layout_basic, serial_shops,
          nicolae_shop_crystal, minmay_misc_feat_nine_boxes
D:2:      layout_rooms, guppyfry_early_orc_mine, uniq_terence

Skill      XL: |  1 |
---------------+----+-----
Long Blades    | 3 |  3.9
Fighting       | |  2.0
Throwing       | |  1.0
Armour         | |  1.1
Dodging        | |  2.1
Spellcasting   | |  2.0
Translocations | |  2.4

Action                   || total
-------------------------++-------
Melee: Falchion          ||    83
       Kick              ||    20
       Peck              ||    10
       Punch             ||     1
Armor: Ring mail         ||    35
Dodge: Dodged            ||    59
